 Dungeon Crawl Stone Soup version 0.27.0-1-g7a089689b8 (webtiles) character file.

Game seed: 4967028797135755634

37724 Demosthentine the Impaler (level 13, -2/109 HPs)
             Began as a Merfolk Gladiator on Aug 2, 2021.
             Was a High Priest of the Shining One.
             Killed from afar by a frost giant (30 damage)
             ... with a bolt of cold
             ... on level 15 of the Dungeon.
             The game lasted 00:19:59 (18252 turns).

Demosthentine the Impaler (Merfolk Gladiator)      Turns: 18252, Time: 00:19:59

Health: -2/109     AC: 13    Str: 16    XL:     13   Next: 98%
Magic:  20/20      EV: 23    Int:  8    God:    the Shining One [*****.]
Gold:   1172       SH:  6    Dex: 21    Spells: 12/12 levels left

rFire    . . .     SeeInvis .   o - +2 trident (venom)
rCold    . . .     Faith    .   q - +0 buckler
rNeg     + + .     Spirit   .   x - +0 troll leather armour
rPois    +         Reflect  .   c - +1 helmet
rElec    .         Harm     .   h - +2 cloak
rCorr    .         Rampage  .   C - +1 pair of gloves {Dex+3}
Will     +....                  y - +0 pair of boots
Stlth    +.........             (no amulet)
HPRegen  1.28/turn              A - ring of willpower
MPRegen  0.17/turn              E - ring of poison resistance

@: mighty, glowing, studying Dodging
A: (nimble swimmer 2), mertail
a: Renounce Religion, Divine Shield, Cleansing Flame, Summon Divine Warrior


You were on level 15 of the Dungeon.
You worshipped the Shining One.
The Shining One was extremely pleased with you.
You visited 2 branches of the dungeon, and saw 16 of its levels.
You also visited: Bailey.

You collected 1573 gold pieces.
You spent 401 gold pieces at shops.

Inventory:

Hand Weapons
 o - a +2 trident of venom (weapon)
Armour
 c - a +1 helmet (worn)
 h - a +2 cloak (worn)
 q - a +0 buckler (worn)
 x - a +0 troll leather armour (worn)
 y - a +0 pair of boots (worn)
 C - a +1 pair of gloves of dexterity (worn)
Jewellery
 A - a ring of willpower (left hand)
 E - a ring of poison resistance (right hand)
Wands
 n - a wand of acid (11)
 p - a wand of flame (55)
Scrolls
 d - a scroll of identify
 f - 6 scrolls of enchant armour
 g - a scroll of amnesia
 l - 5 scrolls of enchant weapon
 r - 2 scrolls of summoning
 u - a scroll of silence
 z - 2 scrolls of teleportation
 D - a scroll of fog
Potions
 a - a potion of heal wounds
 b - a potion of haste
 e - 4 potions of brilliance
 i - 3 potions of lignification
 j - a potion of cancellation
 k - 4 potions of magic
 m - 2 potions of attraction
 s - 2 potions of might
 t - 2 potions of curing
 v - a potion of ambrosia
 w - 2 potions of flight
 B - 3 potions of mutation


   Skills:
 + Level 12.7 Fighting
 + Level 16.2 Polearms
 - Level 2.0 Throwing
 - Level 5.3 Armour
 + Level 15.6 Dodging
 - Level 4.0 Shields
 + Level 10.2 Invocations


You had 12 spell levels left.
You didn't know any spells.
Your spell library contained the following spells:

 Spells                   Type           Power      Damage    Failure   Level
 Beastly Appendage        Tmut           0%         N/A       45%         1
 Corona                   Hex            0%         N/A       45%         1
 Freeze                   Ice            0%         1d3       45%         1
 Sandblast                Erth           0%         2d4       45%         1
 Corpse Rot               Necr/Air       N/A        N/A       61%         2
 Passwall                 Tmut/Erth      0%         N/A       61%         2
 Poisonous Vapours        Pois/Air       0%         N/A       61%         2
 Wereblood                Tmut           0%         N/A       61%         2
 Call Canine Familiar     Summ           0%         N/A       83%         3
 Frozen Ramparts          Ice            0%         1d2       83%         3
 Portal Projectile        Hex/Tloc       0%         N/A       83%         3
 Spider Form              Tmut/Pois      0%         N/A       83%         3
 Airstrike                Air            0%         N/A       99%         4
 Cause Fear               Hex            0%         N/A       99%         4
 Hailstorm                Conj/Ice       0%         3d3       99%         4
 Leda's Liquefaction      Hex/Erth       0%         N/A       99%         4
 Summon Lightning Spire   Summ/Air       0%         N/A       99%         4
 Freezing Cloud           Conj/Ice/Air   0%         6-21      100%        5
 Lee's Rapid Deconstruct  Erth           0%         3d5*      100%        5
 Lightning Bolt           Conj/Air       0%         1d11      100%        5
 Dispersal                Tloc           0%         N/A       100%        6
 Dragon Form              Tmut           0%         N/A       100%        7
 Disjunction              Tloc           0%         N/A       100%        8
 Dragon's Call            Summ           0%         N/A       100%        9


Dungeon Overview and Level Annotations

Branches:
Dungeon (15/15)            Temple (1/1) D:7            Lair (0/6) D:11
    Orc (0/2) D:9          Vaults (0/5) D:14         Depths (0/5) D:15
 Bailey (visited)

Altars:
Ashenzari
Cheibriados
Dithmenos
Elyvilon
Fedhas
Gozag
Hepliaklqana
Kikubaaqudgha
Makhleb
Nemelex Xobeh
Okawaru
Qazlal
Ru
Sif Muna
Trog
Uskayaw
Vehumet
Wu Jian
Xom
Yredelemnul
Zin
The Shining One

Shops:
D:11 !   D:12 [


Innate Abilities, Weirdness & Mutations

((You are quick and stealthy near water. (Stealth+, EV+, Speed+++)))
Your lower body shifts to a powerful aquatic tail in water.


Message History

As you open the door, it creaks loudly!
A frost giant comes into view.
It is wielding a +2 battleaxe of freezing.
The frost giant shouts!
Found a staircase to the Depths.
A frost giant is nearby!
You feel very mighty all of a sudden.
You puncture the frost giant!
The frost giant is lightly wounded.
The frost giant hits you with a +2 battleaxe of freezing!!
The frost giant freezes you.
You impale the frost giant!!
The frost giant looks as sick as possible!
The frost giant is moderately wounded.
You puncture the frost giant!
The frost giant looks as sick as possible!
The frost giant is heavily wounded.
The frost giant hits you with a +2 battleaxe of freezing!!
The frost giant freezes you.
You are too injured to fight recklessly!
You are too injured to fight recklessly!
You are too injured to fight recklessly!
You are too injured to fight recklessly!
You puncture the frost giant!
The frost giant is heavily wounded.
You hit the frost giant.
The frost giant looks as sick as possible!
The frost giant is heavily wounded.
The frost giant points at you and mumbles some strange words.
The bolt of cold hits you!!!
* * * LOW HITPOINT WARNING * * *
Okay, then.
You feel much better.
The frost giant hits you with a +2 battleaxe of freezing!
* * * LOW HITPOINT WARNING * * *
The frost giant freezes you.
* * * LOW HITPOINT WARNING * * *
You feel much better. The frost giant casts a spell at you.
The bolt of cold hits you!!
You die...

#...#..#≈..#..≈#
#.#.#..#.#.#.#.#
#.#.#..#.≈.≈.≈.#
#...####.≈...≈.#
#....###.≈...≈.#
#....'.#.##+##.#
#.##.#.#.#.. #.#
#....#.# #.>.#.#
#....#.# +...C@#
#(..##.# #######
#.#.# .. .#
#...#####+##.##
#..............
#.######.......
#.######.....##
#..............
#.....#'#####..


You could see a frost giant (extremely poisoned).

Vanquished Creatures
  Frances (D:12)
  A boulder beetle (D:13)
  2 hydras
  4 centaur warriors
  3 two-headed ogres
  3 tengu warriors
  5 orc knights (Bailey)
  10 ugly things
  4 cyclopes
  A cyclops (shapeshifter) (D:14)
  3 manticores
  3 gargoyles
  3 kobold demonologists
  2 unseen horrors
  3 meliai (D:14)
  3 trolls
  A polar bear (shapeshifter) (D:14)
  A hornet (D:9)
  10 slime creatures
  A vampire (D:14)
  A tarantella (shapeshifter) (D:14)
  A wraith (D:10)
  A wyvern (D:9)
  3 shadows
  4 yaks (D:9)
  A basilisk (D:13)
  21 vampire mosquitoes
  A steam dragon (D:9)
  3 acid dragons
  Duvessa (D:6)
  13 orc warriors
  A sky beast (D:8)
  An ice beast (D:7)
  3 ogres
  11 centaurs
  4 phantoms
  12 kobold brigands
  A gnoll sergeant (D:9)
  3 bullfrogs
  A water moccasin zombie (D:3)
  Dowan (D:6)
  A water moccasin skeleton (D:4)
  16 killer bees
  8 wights
  8 howler monkeys
  2 bullfrog zombies
  3 jellies
  5 hounds
  7 centaur zombies
  10 orc priests
  A centaur skeleton (D:4)
  2 gnoll shamans
  Jessica (D:3)
  2 bullfrog skeletons
  8 iguanas
  Terence (D:3)
  A scorpion zombie (D:5)
  13 orc wizards
  A hound zombie (D:3)
  2 howler monkey zombies
  21 gnolls
  4 adders
  2 shadow imps
  3 white imps
  3 ufetubi
  A worm (D:4)
  3 dart slugs
  69 orcs
  4 ball pythons
  9 endoplasms
  5 giant cockroaches
  4 hobgoblins
  13 jackals
  7 quokkas
  5 bats
  2 frilled lizards
  2 goblins
  22 kobolds
  A quokka skeleton (D:4)
  6 rats
430 creatures vanquished.

Vanquished Creatures (others)
  A kobold brigand (D:9)
  2 kobolds (D:9)
3 creatures vanquished.

Grand Total: 433 creatures vanquished

Notes
Turn   | Place    | Note
-------+----------+-------------------------------------------
     0 | D:1      | Demosthentine the Merfolk Gladiator began the quest for the
                  | Orb.
     0 | D:1      | Reached XP level 1. HP: 16/16 MP: 1/1
   274 | D:1      | Reached XP level 2. HP: 21/23 MP: 2/2
  1122 | D:2      | Reached XP level 3. HP: 28/28 MP: 3/3
  1287 | D:2      | Reached skill level 5 in Polearms
  1383 | D:2      | Reached skill level 1 in Armour
  1571 | D:2      | Reached XP level 4. HP: 31/35 MP: 4/4
  1827 | D:3      | Found a bloodstained altar of Trog.
  1838 | D:3      | Reached skill level 5 in Dodging
  2005 | D:3      | Reached XP level 5. HP: 18/41 MP: 5/5
  2415 | D:3      | Noticed Terence
  2460 | D:3      | Killed Terence
  2562 | D:3      | Noticed Jessica
  2570 | D:3      | Killed Jessica
  2623 | D:3      | Got Jessica's Handbook of Beguiling
  2746 | D:3      | Reached skill level 6 in Polearms
  2863 | D:3      | Reached XP level 6. HP: 42/48 MP: 6/6
  2931 | D:3      | Found a basalt altar of Yredelemnul.
  3090 | D:4      | Found a sparkling altar of Nemelex Xobeh.
  3448 | D:4      | Reached XP level 7. HP: 35/55 MP: 7/7
  3994 | D:4      | Reached skill level 7 in Polearms
  4582 | D:5      | Entered Level 5 of the Dungeon
  4663 | D:5      | Reached skill level 1 in Shields
  4879 | D:5      | Reached skill level 5 in Fighting
  4879 | D:5      | Reached XP level 8. HP: 55/62 MP: 8/8
  4979 | D:5      | Found a blossoming altar of Fedhas.
  5340 | D:5      | Reached skill level 8 in Polearms
  5811 | D:5      | HP: 2/63 [acid (7)]
  6238 | D:6      | Noticed Dowan
  6239 | D:6      | Noticed Duvessa
  6313 | D:6      | Killed Duvessa
  6318 | D:6      | Killed Dowan
  6373 | D:6      | Reached XP level 9. HP: 39/69 MP: 9/9
  6781 | D:6      | Reached skill level 9 in Polearms
  7843 | D:7      | Found a shimmering blue altar of Sif Muna.
  8327 | D:7      | Found a staircase to the Ecumenical Temple.
  8384 | D:7      | Found a broken altar of Ashenzari.
  8456 | Temple   | Entered the Ecumenical Temple
  8602 | Temple   | Became a worshipper of the Shining One
  8792 | D:7      | Reached skill level 10 in Polearms
  8865 | D:7      | Noticed a cyclops
  8885 | D:7      | Reached XP level 10. HP: 69/79 MP: 10/10
  9274 | D:7      | Killed a cyclops
  9275 | D:7      | Reached skill level 5 in Armour
  9554 | D:7      | Identified a scroll of acquirement
  9554 | D:7      | Acquired 661 gold pieces
  9648 | D:8      | Reached * piety under the Shining One
  9825 | D:8      | Reached skill level 10 in Dodging
  9913 | D:8      | Reached skill level 11 in Polearms
 11374 | D:9      | Reached skill level 1 in Invocations
 11664 | D:9      | Reached ** piety under the Shining One
 12587 | D:9      | Found a staircase to the Orcish Mines.
 12609 | D:9      | Reached XP level 11. HP: 76/87 MP: 13/13
 12629 | D:9      | Reached skill level 12 in Polearms
 12945 | D:10     | Entered Level 10 of the Dungeon
 12945 | D:10     | Noticed a two-headed ogre
 13000 | D:9      | Killed a two-headed ogre
 13194 | D:10     | Reached skill level 5 in Invocations
 13331 | D:10     | Reached *** piety under the Shining One
 13454 | D:10     | Found a snail-covered altar of Cheibriados.
 13617 | D:11     | Noticed a two-headed ogre
 13649 | D:11     | Killed a two-headed ogre
 13687 | D:11     | Reached skill level 13 in Polearms
 13742 | D:11     | Found a staircase to the Lair.
 13757 | D:11     | Found Ymiung's Distillery.
 13767 | D:11     | Reached skill level 10 in Fighting
 13771 | D:11     | Noticed a manticore
 13795 | D:11     | Killed a manticore
 13909 | D:11     | Noticed a seven-headed hydra
 13917 | D:11     | Killed a seven-headed hydra
 13918 | D:11     | Reached XP level 12. HP: 62/98 MP: 16/16
 14189 | D:11     | Found a glowing golden altar of the Shining One.
 14309 | D:12     | Reached **** piety under the Shining One
 14392 | D:12     | Noticed Frances
 14423 | D:12     | Killed Frances
 14424 | D:12     | Reached skill level 14 in Polearms
 14622 | D:11     | Bought a potion of degeneration for 11 gold pieces
 14623 | D:11     | Bought a potion of heal wounds for 55 gold pieces
 14623 | D:11     | Bought a potion of heal wounds for 55 gold pieces
 14631 | D:12     | Found Eha Pyurch's Armour Shop.
 14634 | D:12     | Bought a +1 pair of gloves of dexterity for 280 gold pieces
 14767 | D:13     | Noticed a tengu warrior
 14767 | D:13     | Noticed a tengu warrior
 14768 | D:13     | Noticed a centaur warrior
 14813 | D:12     | Killed a tengu warrior
 14918 | D:12     | Killed a tengu warrior
 14992 | D:13     | Killed a centaur warrior
 15105 | D:13     | Noticed a boulder beetle
 15187 | D:13     | Reached XP level 13. HP: 88/106 MP: 19/19
 15290 | D:13     | Reached skill level 15 in Polearms
 16001 | D:13     | Reached ***** piety under the Shining One
 16698 | D:13     | Identified the +7 chain mail of the Comet {Fly rF+}
 16753 | D:14     | Found a flagged portal.
 16763 | Bailey   | Entered a bailey
 17174 | Bailey   | Acquired a manual of Dodging
 17251 | D:14     | Found a gate to the Vaults.
 17490 | D:14     | Reached skill level 15 in Dodging
 17653 | D:14     | Reached skill level 10 in Invocations
 17663 | D:14     | Reached skill level 16 in Polearms
 18103 | D:15     | Entered Level 15 of the Dungeon
 18244 | D:15     | Found a staircase to the Depths.
 18244 | D:15     | Noticed a frost giant
 18250 | D:15     | HP: 4/109 [frost giant/bolt of cold (37)]
 18252 | D:15     | Killed from afar by a frost giant

Illustrated notes

Levels and vault maps discovered:
D:1:      dpeg_arrival_solitude, layout_basic
D:2:      minmay_general_purpose_star, layout_basic, serial_rivers,
          chequers_serial_rivers_micro_d, chequers_serial_rivers_small_3,
          chequers_serial_rivers_micro_d, chequers_serial_rivers_micro_a,
          chequers_serial_rivers_room_b
D:3:      layout_rooms, mainiacjoe_overflow_tiny_flanked,
          lemuel_zombie_altar_yredelemnul, hangedman_decor_diamond_cutter,
          minivault_4, kennysheep_jessica_study, uniq_terence
D:4:      layout_gridville, general_overflow_altar,
          chequers_serial_rivers_large_b, hangedman_abyss_or_decor_stagger,
          minmay_starry_boxes
D:5:      layout_loops_ring, overflow_temple_1_default
D:6:      layout_cave_pools, serial_column_ruins, column_ruins_hut_ruined,
          column_ruins_columns_T, column_ruins_grid_3, column_ruins_open_small,
          uniq_duvessa
D:7:      cheibrodos_barr_body, layout_rooms, nicolae_sif_muna_condensation,
          evilmike_ruin_ashenzari, minmay_temple_entry_overgrown,
          grunt_ministairs_1
D:8:      layout_layer_cave
D:9:      layout_loops_cross, kennysheep_orc_monster_closet_entryway
D:10:     layout_roguey, mainiacjoe_overflow_catwalk
D:11:     layout_rooms, lair_entry_dummy, serial_shops, nicolae_take_the_stairs,
          nicolae_tso_swordbearing_angel
D:12:     layout_rooms, serial_shops, kennysheep_mini, uniq_frances
D:13:     layout_layer_cave
D:14:     layout_long_grid, david_vaults_2, enter_bailey_1, minivault_27
D:15:     grunt_enter_depths_snipers, layout_stronghold,
          chequers_serial_rivers_micro_e, nicolae_shop_overcharged_wands
Temple:   regret_index_temple_waves

Skill      XL: |  1  2  3  4  5  6  7  8  9 10 11 12 13 |
---------------+----------------------------------------+-----
Polearms       | 5 6 7 8 10 11 13 14 16 | 16.2
Armour         | 1 2 3 4 5 |  5.3
Fighting       | 3 4 5 6 7 8 10 11 12 | 12.7
Dodging        | 5 6 8 9 11 12 13 15 | 15.6
Shields        | 1 3 4 |  4.0
Invocations    | 3 6 8 10 | 10.2
Throwing       | |  2.0

Action                   |  1- 3 |  4- 6 |  7- 9 | 10-12 | 13-15 || total
-------------------------+-------+-------+-------+-------+-------++-------
Melee: Trident           |   147 |   214 |   551 |   912 |   525 ||  2349
       Tailslap          |     1 |     1 |       |       |       ||     2
Throw: Throwing net      |       |       |     1 |     2 |     2 ||     5
Invok: Divine Shield     |       |       |       |       |     1 ||     1
  Use: Scroll            |     4 |     6 |     5 |     9 |     3 ||    27
       Potion            |       |       |     3 |     4 |     4 ||    11
 Stab: Sleeping          |     4 |     1 |     2 |       |       ||     7
       Held in net/web   |       |       |     1 |       |       ||     1
Armor: Leather armour    |    42 |    69 |   163 |    61 |       ||   335
       Troll leather arm |       |       |       |   121 |    50 ||   171
Dodge: Dodged            |   127 |   146 |   391 |   565 |   263 ||  1492
Block: Buckler           |       |       |    32 |   197 |    95 ||   324
